 Dungeon Crawl Stone Soup version 0.20-a0-46-g4a4b873 (webtiles) character file.

3871 KristoblXynda the Conjurer (level 10, -19/108 HPs)
             Began as a Yellow Draconian Venom Mage on Nov 13, 2016.
             Was a Believer of Vehumet.
             Demolished by a hill giant
             ... wielding a +0 giant club
              (24 damage)
             ... on level 8 of the Dungeon.
             The game lasted 00:27:11 (9887 turns).

KristoblXynda the Conjurer (DrVM)                   Turns: 9887, Time: 00:27:12

Health: -19/108    AC: 25    Str: 12    XL:     10   Next: 0%
Magic:  5/21       EV:  2    Int: 18    God:    Vehumet [**....]
Gold:   329        SH:  0    Dex: 11    Spells: 2 memorised, 20 levels left

rFire  . . .     SeeInvis .     l - +2 war axe (flame)
rCold  . . .     Gourm    .     (armour unavailable)
rNeg   + + +     Faith    .     (no shield)
rPois  +         Spirit   .     (helmet currently unavailable)
rElec  .         Reflect  .     (cloak currently unavailable)
rCorr  .         Harm     .     (gloves currently unavailable)
MR     .....     NoTele   +     (boots currently unavailable)
Stlth  +++.......               (no amulet)
                                (no ring)
                                (no ring)

@: tree-form
A: (spit acid), (acid resistance), unfitting armour, (cold-blooded), AC +7
a: Renounce Religion


You were on level 8 of the Dungeon.
You worshipped Vehumet.
Vehumet was pleased with you.
You were not hungry.
You were a tree.
You visited 2 branches of the dungeon, and saw 9 of its levels.

You collected 329 gold pieces.

Inventory:

Hand Weapons
 l - a +2 war axe of flaming (weapon)
 r - a +0 broad axe
Missiles
 v - a throwing net (quivered)
Wands
 g - a wand of disintegration (10/24)
Scrolls
 f - 4 scrolls of remove curse
 i - a scroll of fear
 k - 2 scrolls of blinking
 p - a scroll of recharging
 s - a scroll of fog
 t - 4 scrolls of identify
Potions
 c - a potion of haste
 j - a potion of flight
 n - a potion of might
 o - 2 potions of cancellation
Books
 a - a Young Poisoner's Handbook

   Spells                             Type                      Level
   a - Sting                          Conjuration/Poison           1
   b - Mephitic Cloud                 Conjuration/Poison/Air       3
   c - Olgreb's Toxic Radiance        Poison                       4
   d - Alistair's Intoxication        Transmutation/Poison         5
   e - Venom Bolt                     Conjuration/Poison           5
 h - a book of Conjurations

   Spells                             Type                      Level
   a - Magic Dart                     Conjuration                  1
   b - Searing Ray                    Conjuration                  2
   c - Dazzling Spray                 Conjuration/Hexes            3
   d - Fulminant Prism                Conjuration/Hexes            4
   e - Iskenderun's Mystic Blast      Conjuration                  4
   f - Iskenderun's Battlesphere      Conjuration/Charms           5
Comestibles
 b - 4 bread rations


   Skills:
 - Level 1.4 Fighting
   Level 2.2 Short Blades
 + Level 6.2 Axes
 - Level 2.0 Dodging
 - Level 5.1 Stealth
 + Level 7.6 Spellcasting
 + Level 7.7 Conjurations
 - Level 2.0 Air Magic
 - Level 4.0 Poison Magic


You had 20 spell levels left.
You knew the following spells:

 Your Spells              Type           Power        Failure   Level  Hunger
b - Mephitic Cloud        Conj/Pois/Air  ###.....     4%          3    #......
c - Magic Dart            Conj           ####         1%          1    None


Dungeon Overview and Level Annotations

Branches:
Dungeon (8/15)             Temple (1/1) D:4
   Lair: D:8-11

Altars:
Ashenzari
Cheibriados
Dithmenos
Elyvilon
Fedhas
Gozag
Hepliaklqana
Kikubaaqudgha
Makhleb
Nemelex Xobeh
Okawaru
Qazlal
Ru
Sif Muna
Trog
Uskayaw
Vehumet
Xom
Yredelemnul
Zin
The Shining One


Innate Abilities, Weirdness & Mutations

((You can spit globs of acid.))
((You are resistant to acid.))
((Your golden yellow scales are hard. (AC +7)))
You cannot fit into any form of body armour.
((You are cold-blooded and may be slowed by cold attacks.))


Message History

The killer bee stings you but does no damage.
The orc hits you but does no damage. The ogre hits you but does no damage.
The hill giant hits you with a giant club!
* * * LOW HITPOINT WARNING * * *
The hungry ghost hits you.
You feel slightly more hungry.
The killer bee stings you but does no damage.
You finish eating.
That bread ration really hit the spot!
As you read the scroll of fear, it crumbles to dust.
You assume a fearsome visage.
The killer bee looks frightened!
The hungry ghost is unaffected.
The jelly looks frightened!
The hill giant resists with some effort.
The orc priest looks frightened!
The ogre resists with some effort.
The orc looks frightened!
You hear the slow hiss of a distant avalanche of sand.
The orc yells at you, "GO AWAY!" The ogre hits you with a giant club.
* * * LOW HITPOINT WARNING * * *
The hungry ghost hits you.
You feel a lot more hungry.
The hill giant hits you with a giant club!!
You die...

## .# .## ..
################# .#
..............y)##.####
.............()))†....##
.............o.C♣...(....
.....?.....###.WO).......
....###...####........[..
.............o..J........
............#############
##.#.#.....#.#
...........##.#
...........# #.#
...........# #.#


You could see a hill giant, a hungry ghost, an ogre, a jelly (fleeing), a killer
bee (fleeing), an orc priest (confused) and an orc (fleeing).

Vanquished Creatures
  A hornet (D:7)
  Sigmund (D:2)
  6 yaks (D:7)
  Menkaure (D:7)
  An orc warrior (D:6)
  2 ice beasts (D:6)
  3 ogres
  4 phantoms
  A necrophage (D:7)
  A centaur (D:7)
  The ghost of KristoblXynda the Sneak, an amateur SpVM (D:4)
  2 bullfrogs
  A scorpion (D:4)
  A wyvern skeleton (D:7)
  4 wights (D:7)
  4 howler monkeys
  A crimson imp (D:5)
  6 hounds
  A centaur zombie (D:7)
  7 orc wizards
  3 orc priests
  3 iguanas
  Natasha (thrice) (D:4)
  3 worker ants
  A killer bee zombie (D:6)
  A howler monkey zombie (D:5)
  3 gnolls (D:4)
  8 adders
  A shadow imp (D:8)
  4 oozes
  2 adder skeletons
  A dart slug (D:1)
  6 worms
  6 leopard geckos
  30 orcs
  8 bats
  4 giant cockroaches
  6 hobgoblins
  4 jackals (D:3)
  2 quokkas
  2 ball pythons
  3 frilled lizards
  5 goblins
  9 kobolds
  A leopard gecko zombie (D:5)
  7 rats
175 creatures vanquished.

Notes
Turn   | Place    | Note
-------+----------+-------------------------------------------
     0 | D:1      | KristoblXynda the Draconian Venom Mage began the quest for the Orb.
     0 | D:1      | Reached XP level 1. HP: 14/14 MP: 3/3
   354 | D:1      | Reached skill level 1 in Conjurations
   354 | D:1      | Reached XP level 2. HP: 14/20 MP: 5/5
  1060 | D:2      | Reached XP level 3. HP: 24/26 MP: 0/6
  1276 | D:2      | Reached skill level 1 in Short Blades
  1409 | D:2      | Learned a level 3 spell: Mephitic Cloud
  1680 | D:2      | Noticed Sigmund
  1710 | D:2      | Killed Sigmund
  1710 | D:2      | Reached XP level 4. HP: 24/33 MP: 1/9
  1710 | D:2      | Reached XP level 5. HP: 28/38 MP: 1/10
  2972 | D:3      | Reached skill level 1 in Air Magic
  2972 | D:3      | Reached XP level 6. HP: 44/45 MP: 4/11
  3334 | D:3      | You fall through a shaft for 3 floors!
  3373 | D:6      | Noticed an ice beast
  3376 | D:6      | Found a hazy altar of Hepliaklqana.
  3393 | D:5      | Entered Level 5 of the Dungeon
  3815 | D:4      | Noticed Natasha
  3826 | D:4      | Killed Natasha
  3846 | D:4      | Noticed Natasha
  3852 | D:4      | Killed Natasha
  3953 | D:4      | Your scales start taking on a golden yellow colour.
  3953 | D:4      | Reached XP level 7. HP: 50/50 MP: 8/13
  3957 | D:4      | Noticed Natasha
  3963 | D:4      | Killed Natasha
  4316 | D:4      | Noticed KristoblXynda's ghost (amateur SpVM)
  4407 | D:4      | Killed KristoblXynda's ghost
  4741 | D:4      | Reached skill level 1 in Fighting
  5129 | D:4      | Found a staircase to the Ecumenical Temple.
  5138 | Temple   | Entered the Ecumenical Temple
  5207 | Temple   | Became a worshipper of Vehumet
  5716 | D:5      | Found an iron altar of Okawaru.
  5823 | D:5      | Reached skill level 1 in Axes
  6100 | D:5      | Reached XP level 8. HP: 32/59 MP: 10/15
  6105 | D:5      | Learned a level 1 spell: Magic Dart
  6123 | D:5      | Reached skill level 5 in Spellcasting
  6611 | D:6      | Reached skill level 5 in Stealth
  6903 | D:6      | Reached skill level 5 in Conjurations
  7479 | D:6      | Found a blossoming altar of Fedhas.
  7668 | D:6      | Reached * piety under Vehumet
  7668 | D:6      | Offered knowledge of Shock by Vehumet.
  8042 | D:7      | Noticed a hornet
  8056 | D:7      | Killed a hornet
  8056 | D:7      | Reached XP level 9. HP: 56/64 MP: 11/18
  8088 | D:7      | Found an iron altar of Okawaru.
  8536 | D:7      | Reached skill level 5 in Axes
  8538 | D:7      | Noticed Menkaure
  8547 | D:7      | Killed Menkaure
  9440 | D:7      | Found a radiant altar of Vehumet.
  9851 | D:8      | Offered knowledge of Throw Frost by Vehumet.
  9851 | D:8      | Reached ** piety under Vehumet
  9874 | D:8      | Noticed a hill giant
  9881 | D:8      | Reached XP level 10. HP: 30/72 MP: 3/21
  9887 | D:8      | HP: 5/108 [ogre/giant club (5)]
  9887 | D:8      | Demolished by a hill giant

Vault maps used:
D:1:      dpeg_arrival_stonehenge_12_columns, minmay_tetromino_i2
D:2:      uniq_sigmund
D:3:      hangedman_abyss_or_decor_lesser_grid
D:4:      lemuel_upstairs_altar, uniq_natasha
D:5:      first_bread, okawaru_ov_weapons_minmay
D:6:      grunt_temple_overflow_open
D:7:      kennysheep_mini_moat, vehumet_altar_wand_db, uniq_menkaure
D:8:      minmay_imperfect_grid, nicolae_ossuary_entry_monument
Temple:   dpeg_five_rooms_temple

Skill      XL: |  1  2  3  4  5  6  7  8  9 |
---------------+----------------------------+-----
Dodging        | 2 |  2.0
Conjurations   | 1 2 3 4 6 7 |  7.7
Short Blades   | 1 2 |  2.2
Stealth        | 3 4 5 |  5.1
Spellcasting   | 3 4 6 7 |  7.6
Air Magic      | 1 2 |  2.0
Fighting       | 1 |  1.4
Axes           | 1 4 6 |  6.2
Poison Magic   | |  4.0

Action                   |  1- 3 |  4- 6 |  7- 9 | 10-12 || total
-------------------------+-------+-------+-------+-------++-------
Melee: Dagger            |    50 |    57 |    93 |       ||   200
       Tailslap          |     5 |    10 |    19 |       ||    34
       War axe           |       |       |   222 |     2 ||   224
Throw: Throwing net      |       |       |     1 |       ||     1
 Cast: Sting             |    51 |   115 |    71 |       ||   237
       Mephitic Cloud    |       |     2 |    22 |       ||    24
       Magic Dart        |       |       |   143 |       ||   143
 Abil: Spit Acid         |       |       |     8 |       ||     8
Evoke: Wand              |       |       |     3 |       ||     3
  Use: Scroll            |       |    11 |    14 |     1 ||    26
       Potion            |       |       |    12 |       ||    12
 Stab: Sleeping          |     2 |     1 |     2 |       ||     5
       Confused          |       |     2 |     7 |       ||     9
       Distracted        |       |       |     1 |       ||     1
  Eat: Chunk             |     3 |       |     9 |       ||    12
       Meat ration       |       |     2 |     1 |       ||     3
       Bread ration      |       |       |     1 |     1 ||     2
       Beef jerky        |       |       |     1 |       ||     1
       Fruit             |       |       |     2 |       ||     2
Armor: Skin              |     8 |    16 |   191 |    24 ||   239
Dodge: Dodged            |    28 |    47 |   188 |     3 ||   266
